 Dungeon Crawl Stone Soup version 0.31-a0-152-g6aa68a64a1 (webtiles) character file.

Game seed: 12855279521166188759

535 qw the Shooter (level 7, -1/66 HPs)
             Began as a Naga Hunter on June 10, 2023.
             Slain by Edmund
             ... wielding a +1 flail of protection
              (4 damage)
             ... on level 4 of the Dungeon.
             The game lasted 00:01:15 (2721 turns).

qw the Shooter (Naga Hunter)                        Turns: 2721, Time: 00:01:15

Health: -1/66      AC:  6    Str: 13    XL:     7   Next: 25%
Magic:  7/7        EV: 10    Int:  9    God:
Gold:   202        SH:  0    Dex: 17    Spells: 6/6 levels left

rFire   . . .        Y - +1 shortbow
rCold   . . .        (shield currently unavailable)
rNeg    . . .        k - +2 robe
rPois   +            f - +0 helmet
rElec   .            (no cloak)
rCorr   .            (no gloves)
SInv    +            (no barding)
Will    .....        (no amulet)
Stlth   ++           (no ring)
HPRegen 0.31/turn    (no ring)
MPRegen 0.10/turn

%: no passive effects
@: short of breath, very slow
A: AC +2, large, see invisible, deformed body, poison resistance, slowness 2,
spit poison 1, naga tail 1
a: Spit Poison


You were on level 4 of the Dungeon.
You visited 1 branch of the dungeon, and saw 4 of its levels.

You collected 202 gold pieces.


Innate Abilities, Weirdness & Mutations

Your serpentine skin is tough. (AC +2)
You have supernaturally acute eyesight. (SInv)
Armour fits poorly on your strangely shaped body.
Your system is resistant to poisons. (rPois)
You cover ground very slowly.
You can spit poison.
You have a snake-like lower body.


   Skills:
 - Level 4.3 Fighting
 + Level 6.4 Ranged Weapons
 - Level 2.4 Dodging
 - Level 1.5 Stealth


You had 6 spell levels left.
You didn't know any spells.
Your spell library was empty.

Inventory:

Hand Weapons
 Y - a +1 shortbow (weapon)
Armour
 f - a +0 helmet (worn)
 k - a +2 robe (worn)
Scrolls
 c - a scroll of identify
Potions
 b - a potion of might {unknown}
 d - 2 potions of lignification {unknown}
 e - 2 potions of curing
 h - a potion of ambrosia {unknown}
 l - a potion of haste

Dungeon Overview and Level Annotations

Branches:
Dungeon (4/15)
 Temple: D:4-7

Altars:
Ru

Annotations:
D:3 1 runed translucent door, Crazy Yiuf
D:4 Edmund


Message History

Edmund is heavily wounded.
Edmund barely misses you.
You shoot an arrow.
The arrow hits Edmund but does no damage.
Edmund is heavily wounded.
Edmund hits you with a +1 flail of protection.
You shoot an arrow. The arrow barely misses Edmund.
Edmund hits you with a +1 flail of protection.
You shoot an arrow.
The arrow hits Edmund but does no damage.
Edmund is heavily wounded.
Edmund barely misses you.
You shoot an arrow.
The arrow hits Edmund but does no damage.
Edmund is heavily wounded.
You have got your breath back.
Edmund hits you with a +1 flail of protection.
2717 ||| INVOKING Spit Poison.
Aiming: Spit Poison (1% risk of failure)
Press: ? - help, Shift-Dir - straight line, f/p - Edmund The splash of poison misses Edmund.
Edmund says, "A flail is better than a scythe, any day of the week!"
Edmund misses you.
You shoot an arrow.
The arrow hits Edmund but does no damage.
Edmund is heavily wounded.
Edmund hits you with a +1 flail of protection! x2
You shoot an arrow. The arrow hits Edmund!
Edmund is severely wounded.
You have got your breath back.
Edmund completely misses you.
2720 ||| INVOKING Spit Poison.
Aiming: Spit Poison (1% risk of failure)
Press: ? - help, Shift-Dir - straight line, f/p - Edmund The splash of poison hits Edmund.
Edmund looks even sicker.
Edmund is almost dead.
Edmund hits you with a +1 flail of protection.
You shoot an arrow. The arrow closely misses Edmund.
Edmund hits you with a +1 flail of protection.
You die...

###.##..........#
#...##..........#
#.####......)...### ##.#
#..........+.# # ##..#
#..........#.##.# #..##
#...............# ##.##
#............####
#..###########+####..######
#>........@..........)%...#
#.#########@#######..####.#
#.# .# #....####.# #.# .#
#.#.....#.# #.# ##
#.#####.#.# #.# #.......#.#
#.# #########.# #. #.# #.#


You could see Edmund (very poisoned).

Vanquished Creatures
  Sigmund (D:2)
  An ogre (D:4)
  A scorpion (D:4)
  Jessica (D:2)
  Robin (D:4)
  7 adders
  2 worms
  A dart slug (D:3)
  5 orcs (D:3)
  4 ball pythons
  8 endoplasms
  3 giant cockroaches
  16 goblins
  13 hobgoblins
  6 jackals (D:1)
  9 kobolds
  2 quokkas (D:2)
  9 bats
  2 frilled lizards
  5 rats
97 creatures vanquished.

Notes
Turn   | Place    | Note
-------+----------+-------------------------------------------
     0 | D:1      | qw the Naga Hunter began the quest for the Orb.
     0 | D:1      | Reached XP level 1. HP: 19/19 MP: 1/1
     0 | D:1      | 0 ||| qw: Version: 0.2-a-122-gbc61b45
     0 | D:1      | 0 ||| qw: Game counter: 3634
     0 | D:1      | 0 ||| qw: Always use a shield: true
     0 | D:1      | 0 ||| qw: God list: Okawaru
     0 | D:1      | 0 ||| qw: Allow faded altars: false
     0 | D:1      | 0 ||| qw: Do Orc after D:15 true
     0 | D:1      | 0 ||| qw: Do second Lair branch before Depths: true
     0 | D:1      | 0 ||| qw: Lair rune preference: random
     0 | D:1      | 0 ||| qw: Plans: Normal
     0 | D:1      | 0 ||| PLANNING D:1-11
    56 | D:1      | 56 ||| Stepping ~*~*~tactically~*~*~ (outnumbered).
    57 | D:1      | 57 ||| INVOKING Spit Poison.
    62 | D:1      | 62 ||| INVOKING Spit Poison.
    66 | D:1      | 66 ||| INVOKING Spit Poison.
    71 | D:1      | Reached skill level 4 in Ranged Weapons
    71 | D:1      | Reached XP level 2. HP: 11/26 MP: 2/2
   206 | D:1      | 206 ||| INVOKING Spit Poison.
   238 | D:1      | 238 ||| INVOKING Spit Poison.
   260 | D:1      | 260 ||| INVOKING Spit Poison.
   281 | D:1      | 281 ||| INVOKING Spit Poison.
   294 | D:1      | 294 ||| INVOKING Spit Poison.
   297 | D:1      | 297 ||| INVOKING Spit Poison.
   302 | D:1      | 302 ||| INVOKING Spit Poison.
   347 | D:1      | 347 ||| INVOKING Spit Poison.
   353 | D:1      | 353 ||| INVOKING Spit Poison.
   358 | D:1      | Reached XP level 3. HP: 15/32 MP: 3/3
   358 | D:1      | 358 ||| INVOKING Spit Poison.
   444 | D:1      | 444 ||| DROPPING scroll of butterflies.
   455 | D:1      | 455 ||| INVOKING Spit Poison.
   480 | D:1      | 480 ||| INVOKING Spit Poison.
   488 | D:1      | 488 ||| INVOKING Spit Poison.
   530 | D:1      | 530 ||| INVOKING Spit Poison.
   691 | D:1      | 691 ||| INVOKING Spit Poison.
   698 | D:1      | 698 ||| INVOKING Spit Poison.
   704 | D:1      | 704 ||| INVOKING Spit Poison.
   731 | D:1      | 731 ||| INVOKING Spit Poison.
   805 | D:1      | 805 ||| INVOKING Spit Poison.
   806 | D:1      | 806 ||| INVOKING Spit Poison.
   943 | D:2      | 943 ||| INVOKING Spit Poison.
   953 | D:2      | 953 ||| INVOKING Spit Poison.
   978 | D:2      | 978 ||| INVOKING Spit Poison.
  1000 | D:2      | 1000 ||| INVOKING Spit Poison.
  1021 | D:2      | 1021 ||| INVOKING Spit Poison.
  1034 | D:2      | 1034 ||| INVOKING Spit Poison.
  1035 | D:2      | 1035 ||| INVOKING Spit Poison.
  1050 | D:2      | You fall into a shaft and drop 2 floors!
  1065 | D:4      | 1065 ||| INVOKING Spit Poison.
  1071 | D:4      | 1071 ||| INVOKING Spit Poison.
  1072 | D:4      | Noticed Robin
  1076 | D:4      | 1076 ||| INVOKING Spit Poison.
  1080 | D:4      | Killed Robin
  1081 | D:4      | Reached skill level 5 in Ranged Weapons
  1081 | D:4      | Reached XP level 4. HP: 28/39 MP: 4/4
  1081 | D:4      | 1081 ||| INVOKING Spit Poison.
  1140 | D:4      | 1140 ||| UPGRADING to +0 helmet.
  1145 | D:4      | 1145 ||| DRINKING 2 fuming pink potions.
  1153 | D:3      | 1153 ||| INVOKING Spit Poison.
  1156 | D:3      | 1156 ||| INVOKING Spit Poison.
  1164 | D:3      | 1164 ||| INVOKING Spit Poison.
  1184 | D:3      | 1184 ||| INVOKING Spit Poison.
  1189 | D:3      | 1189 ||| INVOKING Spit Poison.
  1229 | D:3      | 1229 ||| INVOKING Spit Poison.
  1236 | D:3      | 1236 ||| INVOKING Spit Poison.
  1240 | D:3      | 1240 ||| INVOKING Spit Poison.
  1247 | D:3      | 1247 ||| INVOKING Spit Poison.
  1308 | D:3      | 1308 ||| READING scroll labelled MOLIHEXIODO.
  1318 | D:2      | 1318 ||| INVOKING Spit Poison.
  1324 | D:2      | Reached skill level 3 in Fighting
  1329 | D:2      | 1329 ||| INVOKING Spit Poison.
  1342 | D:2      | 1342 ||| INVOKING Spit Poison.
  1345 | D:2      | Reached XP level 5. HP: 49/49 MP: 5/5
  1381 | D:2      | Noticed Sigmund
  1382 | D:2      | 1382 ||| INVOKING Spit Poison.
  1385 | D:2      | 1385 ||| INVOKING Spit Poison.
  1388 | D:2      | 1388 ||| INVOKING Spit Poison.
  1392 | D:2      | 1392 ||| INVOKING Spit Poison.
  1395 | D:2      | 1395 ||| INVOKING Spit Poison.
  1395 | D:2      | Killed Sigmund
  1396 | D:2      | Reached skill level 6 in Ranged Weapons
  1396 | D:2      | Reached XP level 6. HP: 24/56 MP: 6/6
  1529 | D:2      | 1529 ||| INVOKING Spit Poison.
  1667 | D:2      | 1667 ||| INVOKING Spit Poison.
  1670 | D:2      | 1670 ||| INVOKING Spit Poison.
  1685 | D:2      | 1685 ||| INVOKING Spit Poison.
  1695 | D:2      | 1695 ||| INVOKING Spit Poison.
  1700 | D:2      | 1700 ||| INVOKING Spit Poison.
  1705 | D:2      | 1705 ||| INVOKING Spit Poison.
  1838 | D:2      | 1838 ||| INVOKING Spit Poison.
  1875 | D:2      | Found a sacrificial altar of Ru.
  1971 | D:2      | 1971 ||| INVOKING Spit Poison.
  1975 | D:2      | 1975 ||| INVOKING Spit Poison.
  1980 | D:2      | Noticed Jessica
  1982 | D:2      | 1982 ||| INVOKING Spit Poison.
  1984 | D:2      | Killed Jessica
  1988 | D:2      | 1988 ||| INVOKING Spit Poison.
  2000 | D:2      | Found a faded altar of an unknown god.
  2075 | D:2      | 2075 ||| UPGRADING to +2 robe.
  2085 | D:2      | 2085 ||| DROPPING +0 leather armour.
  2086 | D:2      | 2086 ||| READING scroll labelled YCUOPT HOQI.
  2087 | D:2      | 2087 ||| READING scroll labelled ENAXTE DEEFIGE.
  2088 | D:2      | 2088 ||| READING scroll labelled UNKORIU COODECACWE.
  2089 | D:2      | 2089 ||| READING scroll labelled VIVA YCICWE.
  2131 | D:3      | 2131 ||| INVOKING Spit Poison.
  2135 | D:3      | 2135 ||| INVOKING Spit Poison.
  2169 | D:3      | 2169 ||| INVOKING Spit Poison.
  2173 | D:3      | 2173 ||| INVOKING Spit Poison.
  2256 | D:3      | 2256 ||| INVOKING Spit Poison.
  2440 | D:3      | Found a runed translucent door.
  2441 | D:3      | Noticed Crazy Yiuf
  2444 | D:3      | 2444 ||| READING 2 scrolls labelled KOMOAL HYZUE.
  2445 | D:3      | 2445 ||| READING 2 scrolls labelled BENWAL WEUTSU.
  2446 | D:3      | 2446 ||| DROPPING scroll of vulnerability.
  2525 | D:4      | 2525 ||| INVOKING Spit Poison.
  2527 | D:4      | Reached XP level 7. HP: 62/62 MP: 7/7
  2532 | D:4      | 2532 ||| INVOKING Spit Poison.
  2536 | D:4      | 2536 ||| INVOKING Spit Poison.
  2540 | D:4      | 2540 ||| INVOKING Spit Poison.
  2697 | D:4      | Noticed Edmund
  2698 | D:4      | 2698 ||| INVOKING Spit Poison.
  2704 | D:4      | 2704 ||| INVOKING Spit Poison.
  2708 | D:4      | 2708 ||| INVOKING Spit Poison.
  2711 | D:4      | 2711 ||| INVOKING Spit Poison.
  2716 | D:4      | HP: 16/66 [Edmund/+1 flail of protection (1)]
  2717 | D:4      | 2717 ||| INVOKING Spit Poison.
  2718 | D:4      | HP: 3/66 [Edmund/+1 flail of protection (7)]
  2720 | D:4      | 2720 ||| INVOKING Spit Poison.
  2721 | D:4      | Slain by Edmund

Levels and vault maps discovered:
D:1:      lemuel_arrival_tunnels, layout_basic, st_stairs_8,
          hangedman_feature_mirror, dreamdust_mushroom_princess,
          serial_bayou_lagoon_a, chequers_garden, glass_columns_a
D:2:      layout_loops_ring, basic_altar, chequers_ecumenical_altar_simple,
          uniq_jessica, uniq_sigmund
D:3:      layout_basic, uniq_crazy_yiuf_cottage
D:4:      layout_basic, temple_fountains, uniq_edmund, uniq_robin

Skill      XL: |  1  2  3  4  5  6  7 |
---------------+----------------------+-----
Ranged Weapons | 4 5 6 |  6.4
Fighting       | 3 4 |  4.3
Dodging        | 2 |  2.4
Stealth        | |  1.5

Action                     |  1- 3 |  4- 6 |  7- 9 || total
---------------------------+-------+-------+-------++-------
   Fire: Shortbow          |    80 |    88 |    28 ||   196
Ability: Spit Poison       |    31 |    36 |     9 ||    76
    Use: Scroll            |       |     7 |       ||     7
         Potion            |       |     1 |       ||     1
 Armour: Leather armour    |    21 |    11 |       ||    32
         Robe              |       |     1 |     3 ||     4
  Dodge: Dodged            |    31 |    19 |    10 ||    60

Table legend:
 A = Non-vault XP
 B = Vault XP
 C = Vault XP percentage of total XP
 D = Non-vault monster count
 E = Vault monster count
 F = Vault count percentage of total count
                 A         B        C        D         E       F
            +---------+---------+-------+---------+---------+-------
      Total |     445 |     320 |  41.8 |      81 |      16 |  16.5
            +---------+---------+-------+---------+---------+-------
        D:1 |      51 |       7 |  12.1 |      28 |       4 |  12.5
        D:2 |     104 |     280 |  72.9 |      25 |       2 |   7.4
        D:3 |      71 |       0 |   0.0 |      22 |       0 |   0.0
        D:4 |     219 |      33 |  13.1 |       6 |      10 |  62.5
            +---------+---------+-------+---------+---------+-------
